[Event "Titled Tuesday Blitz March 15 Late 2022"]
[White "Vachier-Lagrave, Maxime"]
[Black "Sokolovsky, Yahli"]
[WhiteFideId "623539"]
[BlackFideId "2820242"]
[WhiteElo "2813"]
[BlackElo "1770"]
[Result "1-0"]
[Round "01"]
[TimeControl "180+1"]
[Date "2022.03.15"]
[WhiteClock "0:00:23"]
[BlackClock "0:00:02"]

1. Nf3 g6 2. g3 Bg7 3. Bg2 d6 4. O-O e5 5. d4 exd4 6. Nxd4 Ne7 7. c4 Nbc6 8. Nc2 O-O 9. Nc3 Be6 10. Nd5 Qd7 11. Bg5 f6 12. Bd2 Ne5 13. b3 c6 14. Nf4 Bf7 15. Bc3 g5 16. Nd3 Bg6 17. Qd2 Nxd3 18. exd3 d5 19. Rad1 Rad8 20. Qc1 Bh5 21. Rd2 Bh6 22. Qb2 g4 23. Re2 Bg7 24. Rfe1 Rf7 25. Bb4 f5 26. Bc3 d4 27. Bd2 Ng6 28. Qa3 f4 29. Bxf4 Nxf4 30. gxf4 g3 31. hxg3 Bxe2 32. Rxe2 Re8 33. Rxe8+ Qxe8 34. Be4 a6 35. Qc5 Qd7 36. Ne1 Re7 37. Nf3 Re8 38. Qh5 Bf6 39. Bxh7+ Kf8 40. Be4 Ke7 41. Qh7+ Kd8 42. Qxd7+ Kxd7 43. g4 b5 44. Kg2 bxc4 45. bxc4 Rb8 46. g5 Be7 47. Nxd4 Rb2 48. Nxc6 Rxa2 49. Nxe7 Kxe7 50. f5 Rb2 51. f6+ Ke6 52. Kg3 Rb8 53. f4 a5 54. Bd5+ Kf5 55. c5 a4 56. c6 a3 57. c7 Rc8 58. f7 Kg6 59. Be6 a2 60. Bxa2 Kg7 61. f5 Rxc7 62. f6+ Kf8 63. g6 Rxf7 64. g7+ 1-0


[Site "https://www.chess.com"]

[Event "Titled Tuesday Blitz March 15 Late 2022"]
[White "Van den Dikkenberg, Erik"]
[Black "Rasulov, Vugar"]
[WhiteFideId "1005880"]
[BlackFideId "13402390"]
[WhiteElo "2118"]
[BlackElo "2560"]
[Result "0-1"]
[Round "01"]
[TimeControl "180+1"]
[Date "2022.03.16"]
[WhiteClock "0:01:12"]
[BlackClock "0:02:35"]

1. e4 e5 2. Nf3 Nf6 3. Nxe5 Nc6 4. Nxc6 dxc6 5. Nc3 Bc5 6. d3 Ng4 7. Be3 Nxe3 8. fxe3 Bxe3 9. Qf3 Qg5 10. Rd1 Bg4 11. Qg3 Bxd1 12. Qxg5 Bxg5 13. Kxd1 O-O-O 14. h4 Bf6 15. Kd2 Rhe8 16. g4 b5 17. a3 a5 18. g5 Be5 19. Bh3+ Kb7 20. Ne2 Bxb2 21. Rb1 Bxa3 22. c4 Bb4+ 23. Kc2 Kb6 24. Nc1 bxc4 25. dxc4 Rd2+ 26. Kb3 Rxe4 27. Na2 Re3+ 0-1


[Site "https://www.chess.com"]

[Event "Titled Tuesday Blitz March 15 Late 2022"]
[White "Vifleemskaia, Svetlana"]
[Black "Bashirli, Nail"]
[WhiteFideId "4129490"]
[BlackFideId "13406809"]
[WhiteElo "1901"]
[BlackElo "2333"]
[Result "0-1"]
[Round "01"]
[TimeControl "180+1"]
[Date "2022.03.16"]
[WhiteClock "0:00:02"]
[BlackClock "0:00:06"]

1. d4 d5 2. c4 e6 3. Nc3 dxc4 4. e4 Nf6 5. Bxc4 Be7 6. Nf3 O-O 7. O-O a6 8. e5 Nd5 9. Nxd5 exd5 10. Bd3 Be6 11. h3 Nd7 12. Bf4 c5 13. Rc1 Rc8 14. Bb1 Qb6 15. b3 cxd4 16. Qxd4 Qa5 17. Bd2 Qa3 18. Qd3 g6 19. Nd4 Nxe5 20. Qe3 Bf6 21. Nxe6 fxe6 22. f4 Nc6 23. Qxe6+ Kh8 24. f5 Rce8 25. Qd7 Re7 26. Qxd5 Rd8 27. Qf3 Nd4 28. Qg4 Ne2+ 29. Kh1 Qd6 30. Rcd1 Ng3+ 31. Kg1 Bd4+ 32. Rf2 Bxf2+ 33. Kxf2 Ne4+ 34. Bxe4 Qd4+ 35. Kf3 gxf5 36. Qxf5 Qg7 37. Bf4 Rf8 38. Qg4 Qc3+ 39. Rd3 Qe1 40. Qg3 Qxe4+ 41. Kf2 Qe1+ 42. Kf3 Qe2# 0-1


[Site "https://www.chess.com"]

[Event "Titled Tuesday Blitz March 15 Late 2022"]
[White "Vine, Elzbieta"]
[Black "Adewumi, Tanitoluwa"]
[WhiteFideId "1119320"]
[BlackFideId "30966396"]
[WhiteElo "1821"]
[BlackElo "2562"]
[Result "1-0"]
[Round "01"]
[TimeControl "180+1"]
[Date "2022.03.16"]
[WhiteClock "0:00:11"]
[BlackClock "0:00:03"]

1. e4 c6 2. d4 d5 3. exd5 cxd5 4. Bd3 Nc6 5. c3 Nf6 6. h3 e5 7. dxe5 Nxe5 8. Bb5+ Bd7 9. Bxd7+ Qxd7 10. Nf3 Nxf3+ 11. Qxf3 Qe6+ 12. Be3 Bd6 13. O-O O-O 14. Nd2 Rfe8 15. Rfe1 Qe5 16. Nf1 Ne4 17. Bd4 Qe6 18. Rad1 b6 19. Qh5 h6 20. Nd2 Rad8 21. Nxe4 dxe4 22. f3 Bg3 23. Rxe4 Qxa2 24. Rxe8+ Rxe8 25. Qg4 Qa4 26. Qxg7# 1-0


[Site "https://www.chess.com"]

[Event "Titled Tuesday Blitz March 15 Late 2022"]
[White "Vovk, Orest"]
[Black "Quesada Perez, Yuniesky"]
[WhiteFideId "14113490"]
[BlackFideId "3504409"]
[WhiteElo "2203"]
[BlackElo "2622"]
[Result "0-1"]
[Round "01"]
[TimeControl "180+1"]
[Date "2022.03.16"]
[WhiteClock "0:00:02"]
[BlackClock "0:00:36"]

1. g3 d5 2. Bg2 Nf6 3. c4 c6 4. cxd5 cxd5 5. Nf3 Nc6 6. O-O Bf5 7. d3 e6 8. Nc3 h6 9. Qb3 Qd7 10. Bf4 Be7 11. Ne5 Nxe5 12. Bxe5 O-O 13. Qb5 a6 14. Qxd7 Nxd7 15. Bd4 Rfc8 16. e4 dxe4 17. dxe4 Bg6 18. Rfd1 Rc7 19. f4 Rac8 20. Kf2 Rc4 21. Bxg7 Bc5+ 22. Kf1 Kxg7 23. Rxd7 Rb4 24. Nd1 Bh5 25. b3 Rd4 26. Rxd4 Bxd4 27. Rb1 Rc2 28. e5 Bg6 29. Bxb7 Bd3+ 30. Ke1 Re2+ 31. Kf1 Rxa2+ 0-1


[Site "https://www.chess.com"]

[Event "Titled Tuesday Blitz March 15 Late 2022"]
[White "Weber, Samuel"]
[Black "Papasimakopoulos, Alexandros"]
[WhiteFideId "12924008"]
[BlackFideId "4244125"]
[WhiteElo "2215"]
[BlackElo "2340"]
[Result "0-1"]
[Round "01"]
[TimeControl "180+1"]
[Date "2022.03.16"]
[WhiteClock "0:00:02"]
[BlackClock "0:00:11"]

1. e4 e6 2. d3 d5 3. Nd2 c5 4. Ngf3 Nc6 5. g3 g6 6. Bg2 Bg7 7. O-O Nge7 8. Re1 h6 9. c3 a5 10. a4 b6 11. exd5 exd5 12. Nb3 O-O 13. d4 c4 14. Nbd2 Bf5 15. b3 cxb3 16. Qxb3 Rb8 17. Ba3 Re8 18. Bf1 Qc7 19. Bb5 Be6 20. Nf1 Nf5 21. Ne3 Nxe3 22. Rxe3 Rec8 23. Rae1 Na7 24. Ba6 Rd8 25. Bd3 Nc6 26. Bxg6 fxg6 27. Rxe6 Kh7 28. Qc2 Qf7 29. Nh4 Rbc8 30. Nxg6 Nxd4 31. Qb1 Nf3+ 32. Kh1 Kg8 33. R1e3 Ng5 34. Re7 Qf6 35. R7e5 Ne4 36. Ne7+ Kh8 37. R5xe4 dxe4 38. Nxc8 Rxc8 39. Qxe4 Qxf2 40. Qf3 Qa2 41. Bd6 Qxa4 42. Be5 Qc6 43. Qxc6 Rxc6 44. Bxg7+ Kxg7 45. Kg2 Kf6 46. Kf3 b5 47. Rd3 a4 48. Ke4 Rc8 49. Rd6+ Kg5 50. Ra6 Rxc3 51. Ra5 Rb3 52. h4+ Kg4 53. h5 Kxh5 54. Kf5 Rf3+ 55. Ke4 Rxg3 56. Rxb5+ Rg5 57. Rb4 Rg4+ 0-1


[Site "https://www.chess.com"]

[Event "Titled Tuesday Blitz March 15 Late 2022"]
[White "Winkels, Marcel"]
[Black "Hess, Max"]
[WhiteFideId "1003887"]
[BlackFideId "24656666"]
[WhiteElo "1900"]
[BlackElo "2276"]
[Result "0-1"]
[Round "01"]
[TimeControl "180+1"]
[Date "2022.03.16"]
[WhiteClock "0:00:44"]
[BlackClock "0:00:48"]

1. e4 c6 2. d4 d5 3. f3 Qb6 4. Nc3 dxe4 5. fxe4 e5 6. Nf3 exd4 7. Qxd4 Qxd4 8. Nxd4 Bc5 9. Be3 Nd7 10. O-O-O Ngf6 11. Nf5 Bxe3+ 12. Nxe3 Ne5 13. h3 Be6 14. g4 g6 15. g5 Nh5 16. Rg1 h6 17. gxh6 Rxh6 18. Ng4 Bxg4 19. hxg4 Nf4 20. Bd3 Ke7 21. Rgf1 g5 22. Rg1 Rh4 23. Rh1 Rah8 24. Rxh4 gxh4 25. g5 h3 26. Rh1 Nexd3+ 27. cxd3 Nxd3+ 28. Kc2 Nf2 29. Rh2 Ng4 30. Rh1 h2 31. Nd1 Ke6 32. Kd3 Ke5 33. b4 Kf4 34. a4 Kf3 35. Rf1+ Kg2 0-1


[Site "https://www.chess.com"]

[Event "Titled Tuesday Blitz March 15 Late 2022"]
[White "Xu, Yi"]
[Black "Ljukin, Sergei"]
[WhiteFideId "8605564"]
[BlackFideId "14102200"]
[WhiteElo "2471"]
[BlackElo "2312"]
[Result "1-0"]
[Round "01"]
[TimeControl "180+1"]
[Date "2022.03.16"]
[WhiteClock "0:01:13"]
[BlackClock "0:00:07"]

1. e4 e6 2. d4 d5 3. Nc3 Bb4 4. e5 Ne7 5. a3 Bxc3+ 6. bxc3 c5 7. a4 Qa5 8. Bd2 Nbc6 9. Nf3 Bd7 10. Bb5 c4 11. h4 a6 12. Bxc6 Bxc6 13. h5 h6 14. Nh4 Bxa4 15. Qg4 Rg8 16. Rh3 Qb5 17. Qd1 Qd7 18. Bc1 Nf5 19. Nxf5 exf5 20. Ba3 O-O-O 21. Bd6 b5 22. Qb1 Qc6 23. Kf1 Rxd6 24. exd6 Qxd6 25. Qc1 Re8 26. Qd2 Re4 27. Kg1 Qe7 28. Re3 Qg5 29. Rae1 Qf6 30. f3 Rxe3 31. Qxe3 Qd8 32. Qe5 Qd7 33. Qxg7 Bxc2 34. Qf8+ 1-0


[Site "https://www.chess.com"]

[Event "Titled Tuesday Blitz March 15 Late 2022"]
[White "Yang, Kaiqi"]
[Black "Sarana, Alexey"]
[WhiteFideId "8604398"]
[BlackFideId "24133795"]
[WhiteElo "2373"]
[BlackElo "2666"]
[Result "0-1"]
[Round "01"]
[TimeControl "180+1"]
[Date "2022.03.15"]
[WhiteClock "0:00:02"]
[BlackClock "0:01:45"]

1. e4 c5 2. Nc3 d6 3. d4 cxd4 4. Qxd4 Nc6 5. Qd2 g6 6. b3 Bh6 7. f4 f5 8. Bb2 Nf6 9. Bd3 Qa5 10. exf5 Bxf5 11. Nge2 O-O-O 12. O-O-O e5 13. Bxf5+ gxf5 14. Kb1 Rhe8 15. Rhf1 e4 16. Nd5 Qxd2 17. Rxd2 Nxd5 18. Rxd5 Ne7 19. Rdd1 d5 20. Bf6 Rd6 21. Be5 Rd7 22. Nd4 Rg8 23. g3 Bg7 24. Ne6 Bh8 25. Rd2 Bxe5 26. fxe5 Nc6 27. Rxf5 Re8 28. Nc5 e3 29. Rd3 d4 30. Nxd7 e2 31. Rf7 e1=Q+ 32. Kb2 Nxe5 33. Nxe5 Qxe5 34. Rxh7 Kb8 35. h4 Rc8 36. Rf7 Qe2 37. Rxd4 Rxc2+ 38. Ka3 Rxa2+ 39. Kb4 a5+ 40. Kc5 Qe5+ 41. Rd5 Rc2+ 42. Kb6 Qe6+ 0-1


[Site "https://www.chess.com"]

[Event "Titled Tuesday Blitz March 15 Late 2022"]
[White "Yoo, Christopher Woojin"]
[Black "Plazuelo Pascual, Juan"]
[WhiteFideId "30909694"]
[BlackFideId "32059566"]
[WhiteElo "2105"]
[BlackElo "2364"]
[Result "1-0"]
[Round "01"]
[TimeControl "180+1"]
[Date "2022.03.15"]
[WhiteClock "0:00:03"]
[BlackClock "0:00:04"]

1. e4 e5 2. Nf3 Nc6 3. Bc4 Bc5 4. c3 Nf6 5. d4 exd4 6. b4 Be7 7. e5 Ne4 8. b5 Na5 9. Bd3 Nxc3 10. Nxc3 dxc3 11. Qa4 c6 12. O-O O-O 13. Rd1 b6 14. Bh6 Re8 15. Bxg7 Kxg7 16. Qg4+ Kf8 17. Bxh7 Bc5 18. Qg8+ Ke7 19. Qg5+ Kf8 20. Qh6+ Ke7 21. Nh4 d5 22. exd6+ Bxd6 23. Bf5 Qc7 24. Qg5+ Kf8 25. Qh6+ Ke7 26. Re1+ Be5 27. Ng6+ fxg6 28. Qg7+ Kd6 29. Rad1+ Kc5 30. Qxg6 Bxh2+ 31. Kh1 Rxe1+ 32. Rxe1 Bxf5 33. Qxf5+ Kb4 34. Rb1+ Ka4 35. Qc2+ Ka3 36. Rb3+ Ka4 37. Rb2+ Ka3 38. Qxc3+ Ka4 39. Qb4# 1-0


[Site "https://www.chess.com"]

[Event "Titled Tuesday Blitz March 15 Late 2022"]
[White "Zhigalko, Sergei"]
[Black "Koutlas, Nikolaos"]
[WhiteFideId "13502956"]
[BlackFideId "25827138"]
[WhiteElo "2662"]
[BlackElo "1610"]
[Result "1/2-1/2"]
[Round "01"]
[TimeControl "180+1"]
[Date "2022.03.16"]
[WhiteClock "0:00:05"]
[BlackClock "0:00:03"]

1. e4 c5 2. Nf3 Nc6 3. c3 d5 4. exd5 Qxd5 5. d4 Bf5 6. Be3 Nf6 7. Nbd2 cxd4 8. Nxd4 Nxd4 9. Bxd4 e5 10. Be3 O-O-O 11. Qb3 a6 12. O-O-O Qxb3 13. axb3 Ng4 14. Bb6 Rd6 15. Nc4 Rxd1+ 16. Kxd1 f6 17. h3 Nh6 18. Ne3 Be6 19. Bc4 Bxc4 20. bxc4 Nf7 21. Ke2 Bd6 22. Rd1 Bc7 23. Nd5 Bxb6 24. Nxb6+ Kc7 25. Nd5+ Kb8 26. c5 Rd8 27. c4 e4 28. Ke3 Ne5 29. b3 f5 30. f3 exf3 31. gxf3 g6 32. Kf4 Nc6 33. Re1 Nd4 34. b4 a5 35. b5 Nb3 36. c6 bxc6 37. bxc6 Rc8 38. c7+ Ka7 39. Re6 Nd4 40. Rb6 Rxc7 41. Ke5 Rxc4 42. Rf6 Nxf3+ 43. Kd6 Rd4 44. Kc5 Rd1 45. Rf7+ Kb8 46. Ne7 Rc1+ 47. Kb6 Ne5 48. Kxa5 Rc8 49. Nxc8 Nxf7 50. Ne7 Ng5 51. h4 Nf3 52. h5 gxh5 53. Nxf5 h4 54. Kb4 h3 55. Kc3 h5 56. Ng3 h4 57. Nh1 Kc7 58. Kd3 Kd6 59. Ke4 Ne1 60. Kf4 Kd5 61. Kg4 Ke4 62. Kxh4 Nf3+ 63. Kxh3 1/2-1/2


[Site "https://www.chess.com"]

[Event "Titled Tuesday Blitz March 15 Late 2022"]
[White "Zhou, Qiyu"]
[Black "Barp, Alberto"]
[WhiteFideId "505161"]
[BlackFideId "872555"]
[WhiteElo "1925"]
[BlackElo "2229"]
[Result "0-1"]
[Round "01"]
[TimeControl "180+1"]
[Date "2022.03.16"]
[WhiteClock "0:00:10"]
[BlackClock "0:00:17"]

1. d4 Nf6 2. Nf3 d5 3. e3 c5 4. b3 cxd4 5. exd4 g6 6. Bd3 Bg7 7. O-O O-O 8. Re1 Nc6 9. Bb2 Nh5 10. Nbd2 Nb4 11. Bf1 Bf5 12. Ba3 a5 13. Bxb4 axb4 14. Nh4 Be6 15. Ndf3 Bf6 16. g3 Qc7 17. Qd2 Qd6 18. Ng2 Rfc8 19. Ne5 Rc3 20. Bd3 Rac8 21. f4 Ng7 22. Ne3 Qb6 23. Bf1 Nf5 24. N3g4 Nxd4 25. Kh1 Bg7 26. Rac1 Bxg4 27. Nxg4 Nf3 28. Qxd5 Nxe1 29. Rxe1 e6 30. Qd7 Qc6+ 31. Qxc6 R3xc6 32. Bd3 Ra8 0-1


[Site "https://www.chess.com"]

[Event "Titled Tuesday Blitz March 15 Late 2022"]
[White "Zotova, Anastasia"]
[Black "Jaracz, Pawel"]
[WhiteFideId "34124907"]
[BlackFideId "1102222"]
[WhiteElo "1860"]
[BlackElo "2429"]
[Result "0-1"]
[Round "01"]
[TimeControl "180+1"]
[Date "2022.03.16"]
[WhiteClock "0:01:20"]
[BlackClock "0:01:16"]

1. d4 Nf6 2. Nf3 g6 3. g3 c5 4. Bg2 cxd4 5. Nxd4 Bg7 6. O-O O-O 7. c4 Nc6 8. Nc2 d6 9. Nc3 Bd7 10. Bg5 h6 11. Bxf6 Bxf6 12. Nd5 Bg7 13. Rb1 a6 14. b4 b5 15. Nce3 Rb8 16. h4 h5 17. a3 Nd4 18. Nf4 bxc4 19. Nxc4 Bb5 20. Ne3 e5 21. Nd3 f5 22. a4 Bd7 23. Nc2 Bxa4 24. Nde1 Rc8 25. Rb2 Qc7 26. Qd2 Nxc2 27. Nxc2 e4 28. Nd4 Qc3 29. Ne6 Qxb2 0-1


[Site "https://www.chess.com"]

[Event "Titled Tuesday Blitz March 15 Late 2022"]
[White "Abdrlauf, Elham"]
[Black "Suder, Jakub"]
[WhiteFideId "1533533"]
[BlackFideId "1195310"]
[WhiteElo "2334"]
[BlackElo "2058"]
[Result "1-0"]
[Round "02"]
[TimeControl "180+1"]
[Date "2022.03.15"]
[WhiteClock "0:00:04"]
[BlackClock "0:00:02"]

1. e4 c5 2. Nf3 Nc6 3. d4 cxd4 4. Nxd4 e5 5. Ne2 Nf6 6. Nbc3 h6 7. Ng3 Bb4 8. Bd3 d5 9. exd5 Nxd5 10. Bd2 Nxc3 11. bxc3 Be7 12. O-O O-O 13. Qh5 Bg5 14. Bxg5 Qxg5 15. Qxg5 hxg5 16. Ne4 g4 17. Rab1 b6 18. Nd6 Rb8 19. Be4 Ne7 20. Rfe1 Be6 21. a4 Rfd8 22. Nb5 Rd7 23. Bd3 f6 24. Nd4 exd4 25. Rxe6 dxc3 26. g3 Kf7 27. Bc4 Kf8 28. Rbe1 Ng6 29. R6e3 Ne5 30. Be2 Rc7 31. Rd1 Re8 32. Kg2 Ree7 33. Rd8+ Re8 34. Rxe8+ Kxe8 35. Bxg4 Kf7 36. Be2 Rc5 37. f4 Nc6 38. Rd3 Ke7 39. Bg4 f5 40. Bd1 Nb4 41. Re3+ Kd6 42. Re8 Rd5 43. Kf2 Rd2+ 44. Ke3 Kc5 45. Rc8+ Nc6 46. Bf3 Kb4 47. Rxc6 Rxc2 48. h3 Rh2 49. g4 fxg4 50. hxg4 Kxa4 51. f5 Kb3 52. g5 c2 53. Be4 Rh3+ 54. Kf4 Rh2 55. f6 gxf6 56. gxf6 Rf2+ 57. Ke5 a5 58. Rxc2 Rf1 59. Rc6 b5 60. f7 b4 61. Rf6 1-0


[Site "https://www.chess.com"]

[Event "Titled Tuesday Blitz March 15 Late 2022"]
[White "Albuquerque Junior,Wellington S."]
[Black "Selbes, Tarik"]
[WhiteFideId "2151480"]
[BlackFideId "6302513"]
[WhiteElo "2042"]
[BlackElo "2290"]
[Result "1-0"]
[Round "02"]
[TimeControl "180+1"]
[Date "2022.03.16"]
[WhiteClock "0:00:29"]
[BlackClock "0:00:18"]

1. c4 Nf6 2. g3 g6 3. Bg2 Bg7 4. Nc3 O-O 5. e4 d6 6. d3 Nc6 7. Nge2 h6 8. O-O e5 9. h3 Be6 10. Be3 Qd7 11. Kh2 Nh5 12. Qd2 f5 13. Bxh6 f4 14. Bxg7 Kxg7 15. Ng1 Nd4 16. Nce2 Nxe2 17. Qxe2 Rh8 18. g4 f3 19. Qxf3 Raf8 20. Qd1 Nf4 21. f3 Rh6 22. Ne2 Qf7 23. Qd2 Nxe2 24. Qxe2 Qf4+ 25. Kg1 Rfh8 26. Rae1 Rxh3 27. Bxh3 Rxh3 28. Rf2 Rg3+ 29. Rg2 Rxf3 30. Rf1 Bxg4 31. Rff2 Rxf2 32. Qxf2 Qc1+ 33. Kh2 Qh6+ 34. Kg1 Bh3 35. Rg3 Qc1+ 36. Kh2 Be6 37. Qg2 Qh6+ 38. Kg1 Bf7 39. Rh3 Qc1+ 40. Kh2 Qd1 41. b3 Qc1 42. Qf2 Qg5 43. Qh4 Qd2+ 44. Kg1 Qd1+ 45. Kh2 Qd2+ 46. Kg1 Qd1+ 47. Kh2 Qe2+ 48. Kg1 Be6 49. Qh8+ Kf7 50. Rh7# 1-0


[Site "https://www.chess.com"]

[Event "Titled Tuesday Blitz March 15 Late 2022"]
[White "Aldokhin, Ivan"]
[Black "Sjugirov, Sanan"]
[WhiteFideId "24115720"]
[BlackFideId "4189302"]
[WhiteElo "2231"]
[BlackElo "2602"]
[Result "0-1"]
[Round "02"]
[TimeControl "180+1"]
[Date "2022.03.16"]
[WhiteClock "0:01:19"]
[BlackClock "0:02:17"]

1. d4 Nf6 2. c4 e6 3. Nc3 Bb4 4. e3 O-O 5. Ne2 d5 6. a3 Be7 7. cxd5 exd5 8. b4 c6 9. Ng3 Re8 10. Bd3 Nbd7 11. O-O Nf8 12. f3 a5 13. Rb1 axb4 14. axb4 Ng6 15. Nce2 h5 16. e4 h4 17. Nh1 dxe4 18. fxe4 h3 19. g3 Ng4 20. Nf2 Nxf2 21. Rxf2 Bg4 22. e5 Nf8 23. Bf5 Bxf5 24. Rxf5 Ne6 25. Be3 Ra3 26. Rb3 Qd5 0-1


[Site "https://www.chess.com"]

[Event "Titled Tuesday Blitz March 15 Late 2022"]
[White "Alfaro, William"]
[Black "Khanin, Semen"]
[WhiteFideId "6100457"]
[BlackFideId "4111990"]
[WhiteElo "2096"]
[BlackElo "2442"]
[Result "0-1"]
[Round "02"]
[TimeControl "180+1"]
[Date "2022.03.16"]
[WhiteClock "0:01:26"]
[BlackClock "0:00:47"]

1. d3 d5 2. Nd2 Nf6 3. g3 e5 4. Bg2 Nc6 5. e4 dxe4 6. dxe4 Bc5 7. Ne2 Bxf2+ 8. Kxf2 Ng4+ 9. Ke1 Ne3 10. Kf2 Nxd1+ 11. Rxd1 Bg4 12. b3 Nd4 13. Nf3 Bxf3 14. Bxf3 Qf6 15. Nxd4 exd4 16. Bb2 O-O-O 17. Kg2 h5 18. Rd3 h4 19. g4 h3+ 20. Kg1 c5 21. Rf1 Qg6 22. b4 Rh4 23. bxc5 Rxg4+ 24. Bxg4+ Qxg4+ 25. Rg3 Qxe4 26. Rxh3 Qxc2 27. Rf2 Qb1+ 28. Kg2 Qe4+ 29. Kf1 d3 30. Bc3 Qh1# 0-1


[Site "https://www.chess.com"]

[Event "Titled Tuesday Blitz March 15 Late 2022"]
[White "Al-Tarboush, Ward"]
[Black "Holt, Conrad"]
[WhiteFideId "7601450"]
[BlackFideId "2034387"]
[WhiteElo "2276"]
[BlackElo "2586"]
[Result "0-1"]
[Round "02"]
[TimeControl "180+1"]
[Date "2022.03.16"]
[WhiteClock "0:00:01"]
[BlackClock "0:00:19"]

1. e4 e6 2. d4 d5 3. exd5 exd5 4. Bd3 Nf6 5. Bg5 Be7 6. Ne2 Nbd7 7. Nd2 Nf8 8. c3 Ng6 9. Qc2 Qd6 10. h4 h6 11. Be3 Ng4 12. O-O-O Nxe3 13. fxe3 Nxh4 14. Nf4 Bg4 15. Rde1 g5 16. g3 Nf3 17. Nxf3 Bxf3 18. Rhf1 Bg4 19. Be2 Bxe2 20. Nxe2 Qe6 21. Qf5 Qxe3+ 22. Kd1 Qe6 23. Ng1 Qxf5 24. Rxf5 Rd8 25. Nf3 Rd6 26. g4 f6 27. b3 Kf7 28. c4 Rhd8 29. c5 Re6 30. Ne5+ Kg7 31. Nd3 Re4 32. Kc2 Kg6 33. Rf3 Rxe1 34. Nxe1 Rh8 35. Nd3 h5 36. gxh5+ Rxh5 37. Re3 Kf7 38. b4 Rh4 39. Kc3 c6 40. a4 Bd8 41. b5 Ba5+ 42. Kb3 Rxd4 43. Rf3 Kg6 44. Re3 Re4 45. Rf3 f5 46. Nf2 Rb4+ 47. Ka3 cxb5 48. axb5 Rxb5 49. Nd3 f4 50. Ne5+ Kf5 51. Nd7 g4 52. Rd3 g3 53. Ka4 g2 54. Rd1 a6 55. c6 bxc6 56. Rc1 f3 57. Rc2 g1=Q 0-1


[Site "https://www.chess.com"]

[Event "Titled Tuesday Blitz March 15 Late 2022"]
[White "Amburgy, Ryan"]
[Black "Nihal Sarin"]
[WhiteFideId "30924820"]
[BlackFideId "25092340"]
[WhiteElo "2066"]
[BlackElo "2705"]
[Result "0-1"]
[Round "02"]
[TimeControl "180+1"]
[Date "2022.03.15"]
[WhiteClock "0:00:06"]
[BlackClock "0:00:44"]

1. d4 Nf6 2. Nc3 d5 3. Bf4 c5 4. e3 cxd4 5. exd4 a6 6. Bd3 Nc6 7. Nce2 Bg4 8. c3 e6 9. Qd2 Bd6 10. h3 Bh5 11. Bxd6 Qxd6 12. Nf4 Bg6 13. Nxg6 hxg6 14. Nf3 O-O-O 15. O-O-O Kb8 16. Kb1 Rc8 17. Rhe1 Rc7 18. Ne5 Ka7 19. Qf4 Rd8 20. g4 Re7 21. f3 Qc7 22. Rc1 Ka8 23. Qe3 Nxe5 24. dxe5 Nd7 25. c4 d4 26. Qe2 g5 27. Ka1 Rh8 28. c5 Nb8 29. Qe4 Nc6 30. a3 Qa5 31. Rh1 Rd7 32. Rc4 Rd5 33. f4 gxf4 34. Qxf4 Nxe5 35. c6 bxc6 36. Rc2 Nxd3 37. Qxf7 Nc5 38. Qxg7 Rb8 39. Rd1 d3 40. Rc3 d2 41. Qh6 Qb5 42. Rc2 Qe2 43. Rdxd2 Rxd2 44. Qxd2 0-1


[Site "https://www.chess.com"]

[Event "Titled Tuesday Blitz March 15 Late 2022"]
[White "Ansh M Shah"]
[Black "Srihari L R"]
[WhiteFideId "25033379"]
[BlackFideId "46617116"]
[WhiteElo "1819"]
[BlackElo "2121"]
[Result "0-1"]
[Round "02"]
[TimeControl "180+1"]
[Date "2022.03.16"]
[WhiteClock "0:01:02"]
[BlackClock "0:01:42"]

1. d4 Nf6 2. c4 e6 3. Nf3 b6 4. g3 Bb7 5. Bg2 Be7 6. O-O O-O 7. Nbd2 d6 8. b3 Nbd7 9. Bb2 Re8 10. Rc1 c5 11. Re1 cxd4 12. Nxd4 Bxg2 13. Kxg2 Qc7 14. Kg1 Qb7 15. N2f3 a6 16. Qd2 b5 17. Ba3 Nc5 18. Red1 bxc4 19. Rxc4 Nce4 20. Qb2 d5 21. Rc2 Bxa3 22. Qxa3 e5 23. Nf5 d4 24. Nd6 Qe7 25. Nc4 Qxa3 26. Nxa3 Nc3 27. e3 Nxd1 0-1


[Site "https://www.chess.com"]

[Event "Titled Tuesday Blitz March 15 Late 2022"]
[White "Arabidze, Meri"]
[Black "Zotova, Anastasia"]
[WhiteFideId "13604040"]
[BlackFideId "34124907"]
[WhiteElo "2335"]
[BlackElo "1860"]
[Result "1-0"]
[Round "02"]
[TimeControl "180+1"]
[Date "2022.03.16"]
[WhiteClock "0:00:25"]
[BlackClock "0:00:14"]

1. Nf3 c6 2. b3 d5 3. Bb2 Nf6 4. c4 g6 5. g3 Bg7 6. Bg2 O-O 7. O-O Nbd7 8. d3 Re8 9. Nbd2 e5 10. e3 e4 11. dxe4 dxe4 12. Ng5 Nc5 13. Bd4 Ne6 14. Nxe6 Rxe6 15. Qc2 Qe7 16. Rad1 c5 17. Bxf6 Bxf6 18. Nxe4 Bg7 19. Nc3 Rb8 20. Nd5 Qg5 21. Nc7 Re7 22. Rd8+ Bf8 23. Nb5 a6 24. Nd6 Rc7 25. Rxc8 Rbxc8 26. Nxc8 Rxc8 27. Bxb7 Rc7 28. Bxa6 h5 29. h4 Qg4 30. Bb5 Be7 31. Qd1 Qh3 32. Qf3 Bxh4 33. Qg2 Qxg2+ 34. Kxg2 Bf6 35. a4 Kf8 36. a5 Ke7 37. Rd1 Ra7 38. a6 Kf8 39. Rd7 Ra8 40. a7 Kg7 41. Bc6 1-0


[Site "https://www.chess.com"]

[Event "Titled Tuesday Blitz March 15 Late 2022"]
[White "Araujo Sanchez, Josue"]
[Black "Galperin, Platon"]
[WhiteFideId "6416896"]
[BlackFideId "14165414"]
[WhiteElo "2357"]
[BlackElo "2432"]
[Result "1/2-1/2"]
[Round "02"]
[TimeControl "180+1"]
[Date "2022.03.15"]
[WhiteClock "0:00:11"]
[BlackClock "0:00:02"]

1. e4 g6 2. d4 d6 3. Nc3 Nf6 4. Nf3 Bg7 5. Be2 O-O 6. O-O a6 7. a4 Nc6 8. Be3 Re8 9. h3 e5 10. d5 Nd4 11. Nxd4 exd4 12. Bxd4 Nxe4 13. Bxg7 Kxg7 14. Nxe4 Rxe4 15. Bf3 Rf4 16. g3 Rf5 17. Bg2 Qf6 18. c3 Bd7 19. Qc2 h5 20. Rfe1 h4 21. g4 Rf4 22. Re3 Re8 23. Rxe8 Bxe8 24. b3 Bd7 25. Re1 Qg5 26. Qd3 Qf6 27. Re2 b5 28. axb5 axb5 29. Qe3 Kf8 30. Ra2 b4 31. c4 Qd4 32. Ra8+ Kg7 33. Qxd4+ Rxd4 34. Rb8 Rd1+ 35. Bf1 c5 36. Rd8 Bxg4 37. hxg4 h3 38. Rxd6 h2+ 39. Kxh2 Rxf1 40. Rc6 Rxf2+ 41. Kg3 Rb2 42. Rxc5 Rxb3+ 43. Kf4 Rd3 44. Ke4 Rg3 45. Rb5 Rxg4+ 46. Kd3 Rg3+ 47. Kd4 b3 48. d6 Kf6 49. Rb7 Rg4+ 50. Kd5 Rg3 51. c5 g5 52. Rb4 g4 53. Rf4+ Kg5 54. Rxf7 Rd3+ 55. Kc4 b2 56. Rg7+ Kf6 57. Rb7 Rd2 58. Kc3 Rd5 59. Kc4 Rd2 60. Kc3 Rd5 61. Kc4 Rd2 1/2-1/2


[Site "https://www.chess.com"]

[Event "Titled Tuesday Blitz March 15 Late 2022"]
[White "Artemenko, Oleg"]
[Black "Bok, Benjamin"]
[WhiteFideId "14201798"]
[BlackFideId "1017063"]
[WhiteElo "2287"]
[BlackElo "2658"]
[Result "0-1"]
[Round "02"]
[TimeControl "180+1"]
[Date "2022.03.15"]
[WhiteClock "0:00:15"]
[BlackClock "0:00:12"]

1. d4 d5 2. Nc3 Nf6 3. Bf4 c5 4. e3 cxd4 5. exd4 a6 6. Nf3 Nc6 7. Ne5 Bd7 8. Be2 e6 9. Nxd7 Qxd7 10. O-O Be7 11. Bf3 O-O 12. Ne2 Rfc8 13. c3 b5 14. a3 Na5 15. Re1 h6 16. Nc1 Bd6 17. Bxd6 Qxd6 18. Nd3 Nc4 19. g3 a5 20. Qe2 Rab8 21. Bg2 g6 22. f4 Kg7 23. h4 h5 24. Ne5 b4 25. axb4 axb4 26. Ra7 Rc7 27. Nxc4 dxc4 28. Rxc7 Qxc7 29. Qe5 Qxe5 30. dxe5 Nd5 31. Bxd5 exd5 32. Rd1 bxc3 33. bxc3 Rb3 34. Rxd5 Rxc3 35. Kf2 Rc1 36. Rc5 c3 37. Rc7 Kf8 38. Kg2 Ke8 39. Kh2 Kd8 40. Rxf7 c2 41. Rf8+ Kc7 42. Rf7+ Kb6 43. Rf6+ Kb5 44. Rf8 Re1 45. Rb8+ Ka6 46. Rc8 c1=Q 47. Rxc1 Rxc1 48. g4 Rc4 49. Kg3 Rc3+ 50. Kf2 Kb7 51. f5 hxg4 52. f6 Kc6 53. Kg2 Kd7 54. f7 Ke7 55. e6 Re3 56. h5 gxh5 57. Kf2 Rxe6 58. Kg2 Kxf7 59. Kg3 Kg6 60. Kh4 Rd6 61. Kg3 Kg5 62. Kg2 Re6 63. Kh2 h4 64. Kg1 Re2 65. Kf1 Ra2 66. Ke1 h3 67. Kd1 h2 68. Kc1 h1=Q# 0-1


[Site "https://www.chess.com"]